 Dungeon Crawl Stone Soup version 0.30-a0-652-gcc886f7154 (webtiles) character file.

Game seed: 10794357043568092352

4413 tilp the Carver (level 10, -12/84 HPs)
             Began as a Meteoran Fighter on Jan 17, 2023.
             Was a Believer of Okawaru.
             Mangled by a two-headed ogre
             ... wielding a +0 giant club
              (18 damage)
             ... on level 9 of the Dungeon.
             The game lasted 00:18:47 (3878 turns).

tilp the Carver (Meteoran Fighter)                  Turns: 3878, Time: 00:18:48

Health: -12/84     AC: 13    Str: 18    XL:     10   Next: 93%
Magic:  13/13      EV: 12    Int: 11    God:    Okawaru [**....]
Gold:   377        SH:  6    Dex: 23    Spells: 9/9 levels left

rFire   . . .      SeeInvis .    a - +2 double sword (heavy)
rCold   . . .      Faith    +    c - +0 buckler
rNeg    . . .      Spirit   .    G - +0 chain mail
rPois   .          Reflect  .    (no helmet)
rElec   .          Harm     .    y - +2 cloak
rCorr   .          Rampage  .    (no gloves)
Will    ++...                    (no boots) Stlth
                                 L - amulet of faith
HPRegen 0.34/turn                v - +6 ring of dexterity
MPRegen 0.13/turn                w - ring of willpower

@: glowing, studying Necromancy
A: sense surroundings 2, otherworldly, glowing, explore regen
a: Renounce Religion, Heroism


You were on level 9 of the Dungeon.
You worshipped Okawaru.
Okawaru was pleased with you.
You visited 2 branches of the dungeon, and saw 10 of its levels.
You also visited: Ossuary.

You collected 422 gold pieces.
You spent 45 gold pieces at shops.

Inventory:

Hand Weapons
 a - a +2 heavy double sword (weapon)
 b - a +4 scimitar of flaming
 I - the +1 short sword "Conservator" {freeze, Str+3}
   (You found it on level 6 of the Dungeon)

   Str:       It affects your strength (+3).
Missiles
 d - 11 poisoned darts (quivered)
 f - 4 curare-tipped darts
 H - 4 boomerangs
Armour
 c - a +0 buckler (worn)
 k - a +0 ring mail of fire resistance
 y - a +2 cloak (worn)
 C - a +0 plate armour
 G - a +0 chain mail (worn)
Jewellery
 v - a +6 ring of dexterity (left hand)
 w - a ring of willpower (right hand)
 L - an amulet of faith (around neck)
Wands
 r - a wand of charming (8)
 u - a wand of acid (19)
 K - a wand of flame (2)
 M - a wand of polymorph (8)
Scrolls
 o - 2 scrolls of teleportation
 q - a scroll of identify
 x - 7 scrolls of immolation
 D - 2 scrolls of blinking
 F - a scroll of enchant armour
 J - a scroll of brand weapon {unknown}
Potions
 g - 3 potions of haste
 h - 2 potions of flight
 i - a potion of attraction {unknown}
 j - 6 potions of curing
 l - 4 potions of brilliance
 m - 4 potions of cancellation
 n - 2 potions of ambrosia
 p - 5 potions of heal wounds
 s - 2 potions of mutation
 t - 2 potions of magic
 z - a potion of resistance {unknown}
 A - 3 potions of berserk rage {unknown}
 B - 2 potions of might
 E - a potion of lignification {unknown}


   Skills:
 * Level 6.9 Fighting
 + Level 8.4 Long Blades
 + Level 4.7 Throwing
 + Level 6.5 Armour
 + Level 8.4 Dodging
 - Level 4.0 Stealth
 - Level 4.0 Shields
 * Level 3.9 Invocations
 + Level 4.8 Evocations


You had 9 spell levels left.
You didn't know any spells.
Your spell library was empty.

Dungeon Overview and Level Annotations

Branches:
Dungeon (9/15) Zot: 1635   Temple (1/1) D:7 Zot: 554 Ossuary (visited)
   Lair: D:8-11         Orc: D:9-12

Altars:
Ashenzari
Cheibriados
Dithmenos
Elyvilon
Fedhas
Gozag
Hepliaklqana
Makhleb
Nemelex Xobeh
Okawaru
Qazlal
Ru
Sif Muna
Trog
Uskayaw
Vehumet
Wu Jian
Xom
Yredelemnul
Zin

Shops:
D:4 *   D:9 ?

Annotations:
D:6 2 transporters, Dirtsage's ghost, novice OpTm


Innate Abilities, Weirdness & Mutations

You passively map the area around you.
You are easily found by Zot.
You glow in the dark.
You regain HP and MP as you explore.


Message History

[the floor.]
Found a hazy altar of Hepliaklqana.
Autopickup disabled for stones.
You drop 21 stones.
Items here: ))))) [[[ †.
There is an open door here.
There is a stone staircase leading down here.
You climb downwards.
Found a stone staircase leading down.
There is a stone staircase leading up here.
Unknown command.
A centaur comes into view.
Found Pamasur's Magic Scroll Emporium.
The centaur shouts!
The centaur wields a +0 shortbow.
The centaur shoots an arrow.
The arrow hits you.
A two-headed ogre comes into view. It is wielding two +0 giant clubs.
The two-headed ogre shouts in stereo!
The centaur shoots an arrow.
The arrow hits you.
Found a scroll of magic mapping.
The centaur shoots an arrow.
The arrow closely misses you.
The centaur shoots an arrow.
The arrow hits you!
You slash the two-headed ogre!
The two-headed ogre is moderately wounded.
The two-headed ogre barely misses you.
The two-headed ogre hits you with a +0 giant club!!
You barely miss the two-headed ogre.
The two-headed ogre is moderately wounded.
The two-headed ogre barely misses you.
The two-headed ogre hits you with a +0 giant club!
You barely miss the two-headed ogre.
The two-headed ogre is moderately wounded.
The two-headed ogre hits you with a +0 giant club!!
* * * LOW HITPOINT WARNING * * *
The two-headed ogre hits you with a +0 giant club!
* * * LOW HITPOINT WARNING * * *
You slice the two-headed ogre!!
The two-headed ogre is heavily wounded.
You block the two-headed ogre's attack.
The two-headed ogre hits you with a +0 giant club!!
You die...

, **.., ,...# ..#,
.#.# ,*..#,#..#
#...∩ ..#
#..#.#..#
#.#...#.#
#....cO.# ** #@# *
######.##########
,, ,
?........>......<#
* *
#########.########
*#.# #..# , #.## ,
,* #. , #.


You could see a two-headed ogre and a centaur.

Vanquished Creatures
  Erica (D:8)
  A two-headed ogre (D:8)
  Grinder (D:4)
  Sigmund (D:2)
  A water moccasin (D:5)
  Duvessa (D:6)
  A sky beast (D:8)
  3 black bears
  4 orc warriors
  2 ogres (D:5)
  A centaur (D:8)
  A phantom (D:6)
  2 bullfrogs
  2 necrophages (D:6)
  Blork the orc (D:4)
  A scorpion (D:5)
  7 wights
  Dowan (D:6)
  A jelly (D:7)
  6 orc priests
  4 hounds
  4 iguanas
  4 orc wizards
  3 mummies (Ossuary)
  7 adders
  2 shadow imps
  An ufetubus (D:7)
  2 worms
  3 dart slugs
  19 orcs
  3 ball pythons
  7 endoplasms
  A giant cockroach (D:4)
  6 goblins
  6 hobgoblins
  2 jackals (D:2)
  3 quokkas
  3 bats (D:2)
  A frilled lizard (D:3)
  A hobgoblin zombie (Ossuary)
  6 kobolds
  A kobold zombie (Ossuary)
  An orc zombie (Ossuary)
  4 rats
133 creatures vanquished.

Vanquished Creatures (collateral kills)
  A centaur zombie (Ossuary)
  2 human zombies (Ossuary)
  A mummy (Ossuary)
  2 orc zombies (Ossuary)
6 creatures vanquished.

Grand Total: 139 creatures vanquished

Notes
Turn   | Place    | Note
-------+----------+-------------------------------------------
     0 | D:1      | tilp the Meteoran Fighter began the quest for the Orb.
     0 | D:1      | Reached XP level 1. HP: 19/19 MP: 2/2
    75 | D:1      | Reached XP level 2. HP: 26/26 MP: 3/3
   326 | D:1      | Reached skill level 1 in Dodging
   522 | D:2      | Reached XP level 3. HP: 31/31 MP: 4/4
   619 | D:2      | Noticed Sigmund
   626 | D:2      | Killed Sigmund
   627 | D:2      | Reached skill level 1 in Stealth
   627 | D:2      | Reached XP level 4. HP: 40/40 MP: 5/5
   627 | D:2      | Reached XP level 5. HP: 46/46 MP: 6/6
   627 | D:2      | Reached XP level 6. HP: 52/52 MP: 7/7
   676 | D:2      | Identified the +1 leather armour "Loonait" {Dex+4}
   695 | D:2      | Found a hazy altar of Hepliaklqana.
   884 | D:4      | Found a sand-covered staircase.
   905 | Ossuary  | Entered an ossuary
   938 | Ossuary  | Reached XP level 7. HP: 51/59 MP: 8/8
   986 | Ossuary  | Reached skill level 1 in Evocations
  1014 | Ossuary  | Reached skill level 1 in Throwing
  1165 | Ossuary  | Identified a scroll of acquirement
  1165 | Ossuary  | Acquired a +2 heavy double sword
  1190 | D:5      | Entered Level 5 of the Dungeon
  1192 | D:5      | Noticed a water moccasin
  1203 | D:5      | Killed a water moccasin
  1230 | D:3      | Found a broken altar of Ashenzari.
  1329 | D:3      | Noticed a fire elemental
  1330 | D:3      | Found a stormy altar of Qazlal.
  1336 | D:3      | Noticed an air elemental
  1336 | D:3      | Noticed a water elemental
  1794 | D:4      | Noticed Grinder
  1825 | D:4      | Killed Grinder
  1826 | D:4      | Reached skill level 5 in Long Blades
  1826 | D:4      | Reached XP level 8. HP: 22/67 MP: 9/9
  1835 | D:4      | Found Eruesm's Neck Hole.
  1843 | D:4      | Bought a +0 cloak for 45 gold pieces
  1928 | D:4      | Noticed Blork the orc
  1934 | D:4      | Killed Blork the orc
  1994 | D:5      | Found a shimmering blue altar of Sif Muna.
  2097 | D:5      | Reached skill level 5 in Fighting
  2097 | D:5      | Reached skill level 5 in Armour
  2115 | D:5      | Reached skill level 5 in Dodging
  2222 | D:5      | Gained mutation: You passively map the area around you.
                  | [Meteoran growth]
  2222 | D:5      | Reached XP level 9. HP: 43/74 MP: 10/10
  2435 | D:6      | Found a snail-covered altar of Cheibriados.
  2515 | D:6      | Noticed Dirtsage's ghost (novice OpTm)
  2516 | D:6      | Found a transporter.
  2516 | D:6      | Found a transporter.
  2516 | D:6      | Identified the +3 dire flail of Famine {freeze, *Slow Dex+7
                  | SInv}
  2516 | D:6      | Identified the +8 dire flail of the Rat {venom, rC+}
  2516 | D:6      | Noticed a two-headed ogre
  2594 | D:6      | Found a radiant altar of Vehumet.
  2840 | D:6      | Identified the +1 short sword "Conservator" {freeze, Str+3}
  2870 | D:6      | Noticed Duvessa
  2870 | D:6      | Noticed Dowan
  2876 | D:6      | Killed Duvessa
  2882 | D:6      | Killed Dowan
  2978 | D:6      | Found an ornate altar of the Wu Jian Council.
  3117 | D:7      | Found a basalt altar of Yredelemnul.
  3129 | D:7      | Reached XP level 10. HP: 55/83 MP: 11/11
  3131 | D:7      | Found a sparkling altar of Nemelex Xobeh.
  3141 | D:7      | Found a staircase to the Ecumenical Temple.
  3210 | Temple   | Entered the Ecumenical Temple
  3230 | Temple   | Became a worshipper of Warmaster Okawaru
  3484 | D:8      | Noticed Erica
  3488 | D:8      | Killed Erica
  3488 | D:8      | Reached * piety under Okawaru
  3721 | D:8      | Noticed a two-headed ogre
  3729 | D:8      | Killed a two-headed ogre
  3729 | D:8      | Reached ** piety under Okawaru
  3804 | D:8      | Found a hazy altar of Hepliaklqana.
  3869 | D:9      | Found Pamasur's Magic Scroll Emporium.
  3871 | D:9      | Noticed a two-headed ogre
  3878 | D:9      | Mangled by a two-headed ogre

Illustrated notes

Levels and vault maps discovered:
D:1:      lemuel_arrival_broad_hall, layout_loops_corners, minmay_misc_feat_x,
          grunt_decor_fettered
D:2:      layout_loops_ring, basic_altar, hangedman_decor_growths,
          hangedman_abyss_or_decor_stabs, uniq_sigmund
D:3:      layout_loops_ring, nicolae_qazlal_style_of_elements,
          nicolae_ashenzari_skybound
D:4:      layout_rooms, nicolae_ossuary_entry_ruins, grunt_ministairs_7,
          nicolae_shop_sticking_my_neck_out, uniq_blork_the_orc, uniq_grinder
D:5:      layout_cave_pools, mainiacjoe_overflow_surrounded_room,
          nicolae_eternal_life
D:6:      layout_basic, vehumet_crystals, cheibrodos_worm_habitat,
          nicolae_wu_jian_glorious_leap, gammafunk_ghost_smash,
          corexii_hall_statues_l, uniq_duvessa
D:7:      layout_rooms, gammafunk_temple_overflow_pools,
          minmay_temple_entry_arrows, minivault_24
D:8:      layout_basic, tso_metal_star, nicolae_hepliaklqana_hippocampus,
          uniq_erica
D:9:      layout_basic, due_lair_maze_entry_diamond, serial_shops,
          nicolae_stop_n_shop_2, nicolae_shop_bloodbath_and_beyond,
          nicolae_shop_hallway_stairs, nicolae_shop_advertising_works
          [nicolae_subvault_shop_adworks], kennysheep_mini, uniq_psyche,
          uniq_maggie
Temple:   hellmonk_temple_of_storms

Skill      XL: |  1  2  3  4  5  6  7  8  9 10 |
---------------+-------------------------------+-----
Dodging        | 1 3 4 5 6 8 |  8.4
Fighting       | 4 5 6 |  6.9
Long Blades    | 3 4 5 6 7 8 |  8.4
Armour         | 4 5 6 |  6.5
Stealth        | 1 2 3 4 |  4.0
Shields        | 4 |  4.0
Evocations     | 2 3 4 |  4.8
Throwing       | 2 3 4 |  4.7
Invocations    | 3 |  3.9

Action                   |  1- 3 |  4- 6 |  7- 9 | 10-12 || total
-------------------------+-------+-------+-------+-------++-------
Melee: Long sword        |    68 |    63 |    39 |       ||   170
       Double sword      |       |       |   159 |    67 ||   226
Throw: Stone             |       |     1 |       |       ||     1
       Dart              |       |       |     4 |       ||     4
Invok: Heroism           |       |       |       |     1 ||     1
Evoke: Wand              |       |     4 |     2 |       ||     6
  Use: Potion            |     1 |       |       |       ||     1
       Scroll            |       |     3 |    13 |     1 ||    17
Armor: Scale mail        |    32 |    41 |    28 |       ||   101
       Plate armour      |       |       |    75 |       ||    75
       Chain mail        |       |       |     6 |    37 ||    43
Dodge: Dodged            |    21 |    38 |    85 |    46 ||   190
Block: Buckler           |    23 |    22 |    64 |    33 ||   142

Table legend: (Time is in decaauts)
 A = Elapsed time spent in this place.
 B = Non-inter-level travel time spent in this place.
 C = Inter-level travel time spent in this place.
 D = Time resting spent in this place.
 E = Time spent auto-exploring this place.
 F = Levels seen in this place.
 G = Mean time per level.
                   A        B        C        D        E       F      G
               +--------+--------+--------+--------+--------+-----+--------+
         Total |   4093 |   3428 |    665 |      0 |      0 |  11 |  372.1 |
       Dungeon |   3762 |   3097 |    665 |      0 |      0 |   9 |  418.0 |
        Temple |     45 |     45 |      0 |      0 |      0 |   1 |   45.0 |
       Ossuary |    284 |    284 |      0 |      0 |      0 |   1 |  284.0 |
               +--------+--------+--------+--------+--------+-----+--------+

Top non-repeatable levels by time:
     D:6: 679 daAuts
     D:3: 656 daAuts
     D:8: 555 daAuts
     D:5: 460 daAuts
     D:4: 407 daAuts
     D:1: 375 daAuts
     D:2: 311 daAuts
     D:7: 298 daAuts
 Ossuary: 284 daAuts
  Temple: 45 daAuts
     D:9: 17 daAuts
